 Dungeon Crawl Stone Soup version 0.23.1-44-gbd83930989 (webtiles) character file.

Game seed: 6529567637950844906

551 PentaManta the Sneak (level 7, -2/49 HPs)
             Began as an Octopode Fighter on Mar 31, 2019.
             Killed from afar by Dowan (20 damage)
             ... with a stone arrow
             ... on level 4 of the Dungeon.
             The game lasted 00:05:39 (3054 turns).

PentaManta the Sneak (Octopode Fighter)             Turns: 3054, Time: 00:05:39

Health: -2/49      AC:  1    Str: 15    XL:     7   Next: 29%
Magic:  7/7        EV: 13    Int: 10    God:
Gold:   232        SH:  9    Dex: 14    Spells: 6/6 levels left

rFire    . . .     SeeInvis .   a - +0 long sword
rCold    . . .     Gourm    .   b - +0 shield
rNeg     . . .     Faith    .   (helmet restricted)
rPois    .         Spirit   .   (no amulet)
rElec    .         Reflect  .   (no ring)
rCorr    .         Harm     .   (no ring)
MR       .....                  (no ring)
Stlth    ++++......             (no ring)
HPRegen  0.16/turn              (no ring)
MPRegen  0.10/turn              (no ring)
                                (no ring)
                                (no ring)

@: no status effects
A: almost no armour, stealthy swim, amphibious, 8 rings, constrict 8, camouflage
1, gelatinous body 1
a: no special abilities


You were on level 4 of the Dungeon.
You were not hungry.

You visited 1 branch of the dungeon, and saw 4 of its levels.

You collected 232 gold pieces.

Inventory:

Hand Weapons
 a - a +0 long sword (weapon)
Armour
 b - a +0 shield (worn)
Jewellery
 p - an uncursed amulet of harm {unknown}
 r - a +3 ring of strength {unknown}
Scrolls
 g - 4 scrolls of identify {unknown}
 h - 3 scrolls of teleportation {unknown}
 i - 2 scrolls of blinking {unknown}
 j - a scroll of fear {unknown}
 k - a scroll of enchant armour {unknown}
 l - a scroll of amnesia {unknown}
Potions
 c - 3 potions of might
 f - 2 potions of cancellation {unknown}
 m - a potion of brilliance {unknown}
 n - 2 potions of lignification {unknown}
 o - a potion of agility {unknown}
 q - 2 potions of curing
Comestibles
 d - 10 rations


   Skills:
 + Level 4.4 Fighting
 + Level 3.8 Long Blades
 + Level 4.5 Dodging
 + Level 4.6 Stealth
 + Level 4.4 Shields


You had 6 spell levels left.
You didn't know any spells.
Your spell library was empty.

Dungeon Overview and Level Annotations

Branches:
Dungeon (4/15)
 Temple: D:4-7

Altars:

Annotations:
D:3 2 transporters, BorisKarlOrff's ghost, weakling SpAs
D:4 Dowan


Innate Abilities, Weirdness & Mutations

You cannot wear most types of armour.
You are very stealthy in the water. (Stealth+)
You are amphibious.
You can wear up to eight rings at the same time.
You can use your tentacles to constrict eight enemies at once.
Your skin changes colour to match your surroundings (Stealth+).
Your rubbery body absorbs attacks. (AC +1, EV +1)


Message History

You hit Duvessa but do no damage. You squeeze Duvessa.
You kill Duvessa!
You hear a distant wail of despair.
You start resting.
Dowan, Brother of Duvessa comes into view.
He is wielding a +0 dagger.
Dowan seems to find hidden reserves of power!
Dowan casts a spell.
Dowan blinks!
Dowan closely misses you.
You closely miss Dowan. You grab Dowan. You constrict Dowan.
Dowan points at you and mumbles some strange words.
The shard of ice hits you!!
Ouch! That really hurt!
Dowan closely misses you.
You hit Dowan. You squeeze Dowan!
Dowan is severely wounded.
You constrict Dowan. Dowan gestures at you while chanting.
The stone arrow hits you!!
You die...

#..####...
##.......##
#..###.(## ##
##.## #..# ##..
##..# ##.###
.##...#####..##
#....
#......#...##..#
#.... ##.####
##.# #..## #@##
..#....
#....)e.# #####
#.######.# ##


You could see Dowan.

Vanquished Creatures
  Sigmund (D:3)
  Duvessa (D:4)
  Blork the orc (D:4)
  Jessica (D:3)
  Natasha (thrice) (D:3)
  7 adders
  3 dart slugs
  5 leopard geckos
  An orc (D:4)
  7 bats
  5 giant cockroaches
  10 goblins
  9 hobgoblins
  A quokka (D:2)
  5 frilled lizards
  8 kobolds
  5 rats
73 creatures vanquished.

Notes
Turn   | Place    | Note
-------+----------+-------------------------------------------
     0 | D:1      | PentaManta the Octopode Fighter began the quest for the
                  | Orb.
     0 | D:1      | Reached XP level 1. HP: 16/16 MP: 1/1
    74 | D:1      | Reached XP level 2. HP: 15/21 MP: 2/2
   101 | D:1      | Reached skill level 1 in Stealth
   266 | D:1      | Reached XP level 3. HP: 26/26 MP: 3/3
   827 | D:2      | Reached XP level 4. HP: 10/31 MP: 4/4
   830 | D:2      | HP: 1/31 [dart slug (2)]
  1509 | D:2      | Reached XP level 5. HP: 28/36 MP: 5/5
  1757 | D:3      | Noticed Natasha
  1763 | D:3      | Killed Natasha
  1819 | D:3      | Noticed Jessica
  1835 | D:3      | Killed Jessica
  1899 | D:3      | Found a transporter.
  1913 | D:3      | Found a transporter.
  1973 | D:3      | Noticed BorisKarlOrff's ghost (weakling SpAs)
  2394 | D:3      | Noticed Sigmund
  2398 | D:3      | Killed Sigmund
  2398 | D:3      | Reached XP level 6. HP: 43/43 MP: 6/6
  2415 | D:3      | Noticed Natasha
  2422 | D:3      | Killed Natasha
  2428 | D:3      | Noticed Natasha
  2431 | D:3      | Killed Natasha
  2765 | D:4      | Noticed Duvessa
  2831 | D:4      | Noticed Blork the orc
  2840 | D:4      | Killed Blork the orc
  2840 | D:4      | Reached XP level 7. HP: 30/48 MP: 7/7
  2979 | D:4      | Killed Duvessa
  3050 | D:4      | Noticed Dowan
  3054 | D:4      | Killed from afar by Dowan

Skill      XL: |  1  2  3  4  5  6 |
---------------+-------------------+-----
Stealth        | 1 2 3 4 |  4.6
Long Blades    | 3 |  3.8
Fighting       | 4 |  4.4
Dodging        | 4 |  4.5
Shields        | 4 |  4.4

Action                   |  1- 3 |  4- 6 |  7- 9 || total
-------------------------+-------+-------+-------++-------
Melee: Long sword        |    64 |    65 |     8 ||   137
       Constrict         |    22 |    22 |     2 ||    46
       Tentacles         |    10 |    12 |     6 ||    28
  Use: Potion            |       |     1 |       ||     1
       Scroll            |       |     1 |       ||     1
 Stab: Sleeping          |     3 |     9 |       ||    12
  Eat: Chunk             |       |     5 |       ||     5
       Ration            |       |       |     1 ||     1
Armor: Skin              |     6 |     2 |       ||     8
Dodge: Dodged            |    32 |    27 |     4 ||    63
Block: Shield            |    37 |    26 |     1 ||    64
       Rpst.: Long sword |     7 |    12 |     2 ||    21
